 Dungeon Crawl Stone Soup version 0.31.0-12-g77e489cdc1 (webtiles) character file.

Game seed: 17288772735704562982

1155 Fleetwood the Frost Mage (level 8, 0/74 HPs)
             Began as a Naga Ice Elementalist on Feb 17, 2024.
             Was an Initiate of Cheibriados.
             Slain by a gnoll
             ... wielding a +0 spear
             ... led by a gnoll sergeant
              (8 damage)
             ... on level 5 of the Dungeon.
             The game lasted 00:12:58 (4713 turns).

Fleetwood the Frost Mage (Naga Ice Elementalist)    Turns: 4713, Time: 00:12:58

Health: 0/74       AC:  4    Str: 11    XL:     8   Next: 39%
Magic:  8/12       EV: 10    Int: 19    God:    Cheibriados [......]
Gold:   218        SH:  0    Dex: 13    Spells: 3/13 levels left

rFire   . . .        a - +2 dagger (venom)
rCold   . . .        (no shield)
rNeg    . . .        k - +0 robe
rPois   +            c - +0 helmet
rElec   .            (no cloak)
rCorr   .            (no gloves)
SInv    +            (no barding)
Will    +....        (no amulet)
Stlth   ++           (no ring)
HPRegen 0.32/turn    (no ring)
MPRegen 0.13/turn

%: no passive effects
@: short of breath, hasted, studying Axes, slow
A: AC +2, large, see invisible, deformed body, poison resistance, slowness 2,
spit poison 1, naga tail 1
a: Spit Poison, Renounce Religion


You were on level 5 of the Dungeon.
You worshipped Cheibriados.
Cheibriados was noncommittal.
You visited 2 branches of the dungeon, and saw 6 of its levels.

You collected 218 gold pieces.


Innate Abilities, Weirdness & Mutations

Your serpentine skin is tough. (AC +2)
You have supernaturally acute eyesight. (SInv)
Armour fits poorly on your strangely shaped body.
Your system is resistant to poisons. (rPois)
You cover ground very slowly.
You can spit poison.
You have a snake-like lower body.


   Skills:
 - Level 5.0 Fighting
 - Level 1.5 Dodging
 - Level 3.0 Stealth
 - Level 3.0 Spellcasting
 - Level 2.0 Conjurations
 - Level 8.0 Ice Magic
 + Level 2.9 Invocations


You had 3 spell levels left.
You knew the following spells:

 Your Spells              Type           Power      Damage    Failure   Level
b - Summon Ice Beast      Ice/Summ       18%        N/A       9%          3
f - Freeze                Ice            100%       1d10      1%          1
h - Hailstorm             Conj/Ice       21%        3d7       6%          3
r - Frozen Ramparts       Ice            66%        1d10      1%          3

Your spell library contained the following spells:

 Spells                   Type           Power      Damage    Failure   Level
 Ozocubu's Armour         Ice            33%        N/A       1%          3
 Inner Flame              Hex/Fire       2%         N/A       41%         3
 Flame Wave               Conj/Fire      6%         2d5       69%         4
 Sticky Flame             Fire/Alch      2%         2d4       83%         4

Inventory:

Hand Weapons
 a - a +2 dagger of venom (weapon)
 b - a +0 sling
Missiles
 p - a throwing net {=f}
Armour
 c - a +0 helmet (worn)
 k - a +0 robe (worn)
Wands
 n - a wand of polymorph (7)
Scrolls
 d - a scroll of immolation {unknown}
 h - a scroll of noise {unknown}
 i - a scroll of vulnerability {unknown}
 l - a scroll of amnesia {unknown}
 r - a scroll of revelation {unknown}
 s - a scroll of enchant weapon {unknown}
Potions
 e - 4 potions of curing {@q1}
 f - a potion of magic
 g - a potion of haste {@q3}
 j - a potion of attraction
 m - a potion of enlightenment {unknown}
 o - a potion of degeneration {unknown}
 q - a potion of invisibility {unknown}

Dungeon Overview and Level Annotations

Branches:
Dungeon (5/15)             Temple (1/1) D:4

Altars:
Cheibriados
Dithmenos
Elyvilon
Gozag
Hepliaklqana
Makhleb
Okawaru
Ru
Sif Muna
Trog
Uskayaw
Vehumet
Zin

Shops:
D:5

[ ##..##..####.########
#...##..####.##.......
#......................
####'###.................
.......#####.............
.........................
........^................
..............)..........
####+##........Y@g.......
................gg.......
...P..............g......
..####.............g.....
..# .............g.....
..+ ###............... .#
#...............
#...............
...............


You could see a gnoll sergeant (distracted, ally target), 5 gnolls and a
friendly ice beast (summoned).


Message History

The gnoll closely misses you.
The gnoll hits you from afar with a +0 spear.
Unknown command.
You hit the gnoll.
The gnoll is poisoned.
The gnoll is lightly wounded.
The gnoll hits you from afar with a +0 spear!
* * * LOW HITPOINT WARNING * * *
The gnoll misses you.
The gnoll sergeant hits you with a +0 trident!
* * * LOW HITPOINT WARNING * * *
Casting: Hailstorm (dangerous; 6% risk of failure)
Confirm with . or Enter, or press ? or * to list all spells.
Aiming: Freeze (safe; 1% risk of failure)
Press: ? - help, Shift-Dir - straight line, f - gnoll
Aim: a gnoll, wielding a +0 halberd (lightly wounded, very poisoned)
You freeze the gnoll.
The gnoll is heavily wounded.
Your ice beast hits the gnoll sergeant but does no damage.
The gnoll hits you from afar with a +0 spear.
* * * LOW HITPOINT WARNING * * *
The gnoll hits you with a +0 halberd!
* * * LOW HITPOINT WARNING * * *
The gnoll sergeant hits you with a +0 trident.
* * * LOW HITPOINT WARNING * * *
It was a potion of haste.
You feel yourself speed up.
Cheibriados forgives your accidental hurry, just this once.
Your ice beast hits the gnoll sergeant.
Your ice beast freezes the gnoll sergeant!
The gnoll hits you from afar with a +0 spear!
You die...

Skill      XL: |  1  2  3  4  5  6  7  8 |
---------------+-------------------------+-----
Fighting       | 1 2 3 5 |  5.0
Ice Magic      | 5 6 7 8 |  8.0
Conjurations   | 2 |  2.0
Spellcasting   | 3 |  3.0
Invocations    | 2 |  2.9
Dodging        | |  1.5
Stealth        | |  3.0

Action                     |  1- 3 |  4- 6 |  7- 9 || total
---------------------------+-------+-------+-------++-------
  Melee: Whip              |     7 |       |       ||     7
         Unarmed           |       |     4 |       ||     4
         Dagger            |       |    34 |    72 ||   106
         Punch             |       |     1 |     1 ||     2
   Fire: Sling             |    65 |    45 |       ||   110
   Cast: Freeze            |    26 |    15 |     5 ||    46
         Frozen Ramparts   |       |     7 |     5 ||    12
         Summon Ice Beast  |       |       |     1 ||     1
Ability: Spit Poison       |     8 |     2 |     5 ||    15
    Use: Scroll            |       |     2 |       ||     2
         Potion            |       |       |     1 ||     1
   Stab: Sleeping          |       |       |     1 ||     1
         Distracted        |       |       |     1 ||     1
 Armour: Robe              |    30 |    35 |    53 ||   118
         Skin              |       |     1 |       ||     1
  Dodge: Dodged            |    24 |    19 |    38 ||    81

Levels and vault maps discovered:
D:1:      sevenhm_arrival_forest_fort_large_2, layout_rooms,
          chequers_ecumenical_altar_simple_redux
D:2:      layout_basic
D:3:      layout_loops_ring, grunt_temple_overflow_order_and_chaos_2,
          uniq_sigmund, uniq_ijyb, uniq_pargi
D:4:      layout_layer_cave, minmay_temple_entry_arrows, serial_glass,
          glass_columns_a, glass_columns_a, glass_columns_a, glass_columns_a,
          glass_columns_a, glass_columns_a, glass_columns_a, glass_columns_a,
          uniq_pikel
D:5:      corexii_shack_village, layout_gridville, mainiacjoe_overflow_alcove_1,
          nicolae_overflow_crystal_walls, serial_shops, nicolae_shop_crystal,
          wad_floor_pattern_1, uniq_duvessa, uniq_blork_the_orc
Temple:   nicolae_temple_ecumenical_triangle

Notes
Turn   | Place    | Note
-------+----------+-------------------------------------------
     0 | D:1      | Fleetwood the Naga Ice Elementalist began the quest for the
                  | Orb.
     0 | D:1      | Reached XP level 1. HP: 15/15 MP: 3/3
   153 | D:1      | Reached skill level 1 in Fighting
   157 | D:1      | Reached XP level 2. HP: 20/26 MP: 3/5
   207 | D:1      | Reached skill level 2 in Fighting
   458 | D:1      | Reached XP level 3. HP: 27/33 MP: 6/6
   637 | D:1      | Found a faded altar of an unknown god.
  1078 | D:2      | Learned a level 3 spell: Frozen Ramparts
  1099 | D:2      | Reached skill level 3 in Fighting
  1295 | D:2      | Reached XP level 4. HP: 41/42 MP: 7/7
  1863 | D:3      | Noticed Ijyb
  1876 | D:3      | Killed Ijyb
  1877 | D:3      | Reached skill level 5 in Ice Magic
  1999 | D:3      | Noticed Pargi
  2003 | D:3      | Reached XP level 5. HP: 49/49 MP: 4/8
  2016 | D:3      | Killed Pargi
  2017 | D:3      | Reached skill level 6 in Ice Magic
  2096 | D:3      | Reached XP level 6. HP: 55/56 MP: 5/9
  2155 | D:3      | Noticed Sigmund
  2280 | D:3      | Killed Sigmund
  2281 | D:3      | Reached skill level 7 in Ice Magic
  2281 | D:3      | Reached skill level 1 in Conjurations
  2281 | D:3      | Reached skill level 2 in Conjurations
  2418 | D:3      | Learned a level 3 spell: Hailstorm
  2860 | D:3      | Found a burning altar of Makhleb.
  2860 | D:3      | Found a glowing silver altar of Zin.
  2861 | D:3      | Noticed an angel
  2861 | D:3      | Noticed a balrug
  3028 | D:4      | Reached XP level 7. HP: 43/62 MP: 6/10
  3240 | D:4      | Noticed Pikel
  3248 | D:4      | Killed Pikel
  3249 | D:4      | Reached skill level 4 in Fighting
  3249 | D:4      | Reached skill level 5 in Fighting
  3249 | D:4      | Reached skill level 3 in Spellcasting
  3249 | D:4      | Reached XP level 8. HP: 11/74 MP: 2/12
  3253 | D:4      | Learned a level 3 spell: Summon Ice Beast
  3630 | D:4      | Found a staircase to the Ecumenical Temple.
  3641 | Temple   | Entered the Ecumenical Temple
  3657 | Temple   | Became a worshipper of Cheibriados the Contemplative
  4411 | D:5      | Entered Level 5 of the Dungeon
  4429 | D:5      | Reached skill level 8 in Ice Magic
  4429 | D:5      | Reached skill level 1 in Invocations
  4507 | D:5      | Reached skill level 2 in Invocations
  4609 | D:5      | Found Bigucizu's Antique Armour Boutique.
  4712 | D:5      | HP: 7/74 [gnoll sergeant/+0 trident (4)]
  4713 | D:5      | Slain by a gnoll

Vanquished Creatures
  Pikel (D:4)
  Sigmund (D:3)
  Pargi (D:3)
  A black bear (D:5)
  2 lemures (D:4)
  An orc priest (D:4)
  A hound (D:5)
  Ijyb (D:3)
  An iguana (D:4)
  3 orc wizards
  5 adders
  3 dart slugs
  2 ribbon worms
  20 orcs
  11 ball pythons
  A bat (D:1)
  6 endoplasms
  4 giant cockroaches
  7 goblins
  6 hobgoblins
  7 kobolds
  8 quokkas
  5 frilled lizards (D:1)
  3 rats
101 creatures vanquished.

Table legend: (Time is in decaauts)
 A = Elapsed time spent in this place.
 B = Non-inter-level travel time spent in this place.
 C = Inter-level travel time spent in this place.
 D = Time resting spent in this place.
 E = Time spent auto-exploring this place.
 F = Levels seen in this place.
 G = Mean time per level.
                   A        B        C        D        E       F      G
               +--------+--------+--------+--------+--------+-----+--------+
         Total |   6129 |   6001 |    128 |   1112 |   4127 |   6 | 1021.5 |
       Dungeon |   6084 |   5977 |    107 |   1112 |   4127 |   5 | 1216.8 |
        Temple |     44 |     24 |     20 |      0 |      0 |   1 |   44.0 |
               +--------+--------+--------+--------+--------+-----+--------+

Top non-repeatable levels by time:
     D:4: 2021 daAuts
     D:3: 1535 daAuts
     D:1: 1077 daAuts
     D:2: 1051 daAuts
     D:5: 399 daAuts
  Temple: 44 daAuts

Table legend:
 A = Non-vault XP
 B = Vault XP
 C = Vault XP percentage of total XP
 D = Non-vault monster count
 E = Vault monster count
 F = Vault count percentage of total count
                 A         B        C        D         E       F
            +---------+---------+-------+---------+---------+-------
      Total |     605 |    1045 |  63.3 |      95 |       4 |   4.0
            +---------+---------+-------+---------+---------+-------
        D:1 |      47 |       0 |   0.0 |      26 |       0 |   0.0
        D:2 |      67 |       0 |   0.0 |      17 |       0 |   0.0
        D:3 |      96 |     404 |  80.8 |      23 |       3 |  11.5
        D:4 |     108 |     641 |  85.6 |      14 |       1 |   6.7
        D:5 |     287 |       0 |   0.0 |      15 |       0 |   0.0
            +---------+---------+-------+---------+---------+-------
